 Dungeon Crawl Stone Soup version 0.32-a0-975-g85d4e5bfdb (webtiles) character file.

Game seed: 8028176416842107023

66 jasper the Sneak (level 4, -2/44 HPs)
             Began as a Naga Wanderer on Apr 18, 2024.
             Slain by a gnoll
             ... wielding a +0 flail
              (12 damage)
             ... on level 3 of the Dungeon.
             The game lasted 00:02:59 (1377 turns).

jasper the Sneak (Naga Wanderer)                    Turns: 1377, Time: 00:03:00

Health: -2/44      AC:  3    Str: 15 (16) XL:     4   Next: 15%
Magic:  4/4        EV:  6    Int:  6 (9)  God:
Gold:   68         SH:  6    Dex: 13 (14) Spells: 3/3 levels left

rFire   . .          .
                       - Unarmed
rCold   . . .        f - +2 buckler
rNeg    . . .        h - +0 ring mail
rPois   +            (no helmet)
rElec   .            (no cloak)
rCorr   .            (no gloves)
SInv    +            (no barding)
Will    .....        (no amulet)
Stlth   ++           (no ring)
HPRegen 0.27/turn    (no ring)
MPRegen 0.09/turn

%: no passive effects
@: short of breath, very slow
A: AC +1, large, see invisible, deformed body, poison resistance, slowness 2,
spit poison 1, naga tail 1
a: Spit Poison


You were on level 3 of the Dungeon.
You visited 1 branch of the dungeon, and saw 3 of its levels.

You collected 68 gold pieces.

Inventory:

Hand Weapons
 a - a +0 dagger
Armour
 e - a +0 leather armour
 f - a +2 buckler (worn)
 h - a +0 ring mail (worn)
Scrolls
 b - a scroll of silence
 d - 2 scrolls of fear
 i - a scroll of fog {unknown}
 j - 2 scrolls of noise {unknown}
 k - a scroll of teleportation {unknown}
 l - a scroll of poison {unknown}
 m - a scroll of identify {unknown}
 n - a scroll of immolation {unknown}
 o - a scroll of revelation {unknown}
Potions
 c - a potion of attraction


   Skills:
 - Level 4.0 Fighting
 + Level 5.9 Stealth
 - Level 2.6 Shields
 - Level 2.0 Unarmed Combat
 - Level 1.0 Shapeshifting


You had 3 spell levels left.
You didn't know any spells.
Your spell library was empty.

Dungeon Overview and Level Annotations

Branches:
Dungeon (2/15)

Altars:

Shops:
D:2 :   D:3 (*


Innate Abilities, Weirdness & Mutations

Your serpentine skin is tough. (AC +1)
You have supernaturally acute eyesight. (SInv)
Armour fits poorly on your strangely shaped body.
Your system is resistant to poisons. (rPois)
You cover ground very slowly.
You can spit poison.
You have a snake-like lower body.


Message History

The bat barely misses you. You block the bat's attack.
The bat barely misses you. You block the bat's attack.
You have got your breath back.
The bat barely misses you. The bat hits you but does no damage.
The bat hits you but does no damage. The gnoll hits you with a +0 flail!
You take 7 damage, and have 34/44 hp.
The bat hits you but does no damage. The gnoll attacks as it pursues you!
The gnoll hits you but does no damage.
You see here a +0 quarterstaff.
You closely miss the gnoll. The gnoll hits you with a +0 flail!
You take 8 damage, and have 26/44 hp.
Aiming: Spit Poison (1% risk of failure)
Press: ? - help, Q - select action Shift-Dir - straight line, f - gnoll
Aim: a gnoll, wielding a +0 flail (65% to hit)
The splash of poison hits the gnoll.
The gnoll is poisoned.
The gnoll is heavily wounded.
The gnoll barely misses you.
You hit the gnoll but do no damage.
The gnoll is moderately wounded.
The gnoll hits you with a +0 flail!
You take 11 damage, and have 16/44 hp.
MASSIVE DAMAGE!!
You hit the gnoll.
The gnoll is severely wounded.
You have got your breath back.
The gnoll hits you with a +0 flail!
* * * LOW HITPOINT WARNING * * *
You take 7 damage, and have 9/44 hp.
It was a potion of degeneration.
There was something very wrong with that liquid.
You feel weakened.
You feel dopey.
You feel clumsy. The gnoll closely misses you.
Aiming: Spit Poison (1% risk of failure)
Press: ? - help, Q - select action Shift-Dir - straight line, f/p - gnoll
Aim: a gnoll, wielding a +0 flail (almost dead, poisoned, 65% to hit)
The splash of poison misses the gnoll.
The splash of poison hits the bat!
The bat is poisoned.
You kill the bat!
The gnoll hits you with a +0 flail!
You die...

#... # #... .## .. #... ..
#####.....###... ..
................##.
..................
.............# #.#
.............# #@#
.............# #g########
.............###........#
..............∩.........#
........................# .
'############...........##..
## #...............
######### #...#.)........#
....[...# #...#..!........


You could see a gnoll (poisoned).

Vanquished Creatures
  3 adders
  2 dart slugs (D:1)
  2 orcs (D:3)
  2 endoplasms
  2 giant cockroaches (D:1)
  6 goblins
  5 hobgoblins
  4 kobolds
  A quokka (D:1)
  4 bats
  A frilled lizard (D:2)
  A rat (D:1)
33 creatures vanquished.

Notes
Turn   | Place    | Note
-------+----------+-------------------------------------------
     0 | D:1      | jasper the Naga Wanderer began the quest for the Orb.
     0 | D:1      | jasper set off with the following items: a +0 dagger, a
                  | scroll of silence, a potion of attraction, a scroll of
                  | fear, a +0 leather armour, a +2 buckler.
     0 | D:1      | Reached XP level 1. HP: 22/22 MP: 1/1
    61 | D:1      | Reached skill level 1 in Stealth
    76 | D:1      | Reached skill level 2 in Stealth
   165 | D:1      | Reached XP level 2. HP: 30/30 MP: 2/2
   312 | D:1      | Reached skill level 3 in Stealth
   462 | D:1      | Reached skill level 4 in Stealth
   714 | D:1      | Reached XP level 3. HP: 36/36 MP: 3/3
   935 | D:2      | Found Ebrut's Book Boutique.
  1129 | D:2      | You fall into a shaft and drop 1 floor!
  1132 | D:3      | Found Xontif's Weapon Boutique.
  1151 | D:3      | Reached skill level 5 in Stealth
  1179 | D:3      | Reached XP level 4. HP: 33/44 MP: 4/4
  1345 | D:3      | Found Goreb's General Store.
  1377 | D:3      | Slain by a gnoll

Illustrated notes

Levels and vault maps discovered:
D:1:      psy_arrival_terrarium, layout_loops_ring
D:2:      layout_basic, serial_shops, shop
D:3:      layout_basic, serial_shops, shop, shop, shop,
          nicolae_shop_bloodbath_and_beyond, minmay_fractal_squares_5,
          uniq_pargi

Skill      XL: |  1  2  3 |
---------------+----------+-----
Stealth        | 2 4 5 |  5.9
Fighting       | |  4.0
Shields        | |  2.6
Unarmed Combat | |  2.0
Shapeshifting  | |  1.0

Action                     |  1- 3 |  4- 6 || total
---------------------------+-------+-------++-------
  Melee: Unarmed           |    64 |    11 ||    75
Ability: Spit Poison       |    27 |     5 ||    32
    Use: Potion            |       |     1 ||     1
 Armour: Ring mail         |    35 |    16 ||    51
         Leather armour    |     1 |       ||     1
  Dodge: Dodged            |    14 |     9 ||    23
  Block: Buckler           |    16 |     3 ||    19

Table legend: (Time is in decaauts)
 A = Elapsed time spent in this place.
 B = Non-inter-level travel time spent in this place.
 C = Inter-level travel time spent in this place.
 D = Time resting spent in this place.
 E = Time spent auto-exploring this place.
 F = Levels seen in this place.
 G = Mean time per level.
                   A        B        C        D        E       F      G
               +--------+--------+--------+--------+--------+-----+--------+
         Total |   1746 |   1664 |     82 |    155 |   1192 |   3 |  582.0 |
       Dungeon |   1746 |   1664 |     82 |    155 |   1192 |   3 |  582.0 |
               +--------+--------+--------+--------+--------+-----+--------+

Top non-repeatable levels by time:
     D:1: 1167 daAuts
     D:2: 305 daAuts
     D:3: 273 daAuts
